Workbook

Sheet ВОР
A1: ВЕДОМОСТЬ ОБЪЕМОВ РАБОТ
A2: на выполнение строительно-монтажных работ по устройству кровли
A3: на объекте: «Многоэтажная жилая застройка 66ГА по адресу: г. Краснодар, Прикубанский внутригородской округ. 2 этап освоения в соответствии с КРТ» на земельном участке с кадастровым номером: 23:43:0143021:78563" 1 этап строительства. Корректировка 1. Литер 9.
A4: № п/п | B4: Наименование работ | C4: Ед. изм. | D4: Норма расхода | E4: Объём работ | F4: Цена за ед. изм., руб | I4: Стоимость,руб. | L4: Примечание
F5: всего | G5: в том числе | I5: всего | J5: в том числе
G6: Работа | H6: Материалы | J6: Работа | K6: Материалы
A7: 1 | B7: 2 | C7: 3 | D7: 4 | E7: 5 | F7: 6 | G7: 7 | H7: 8 | I7: 9 | J7: 10 | K7: 11 | L7: 12
B8: Кровля секция БС1
B9: Раздел 1. Основная кровля (Тип 1)
A10: =_xlfn.AGGREGATE(3,3,$B$10:B10) -> 1 | B10: Укладка пароизоляции с учётом примыкания на 100мм | C10: м2 | E10: =Расч.!E4+Расч.!E7*0.1 -> 389.92 | F10: =G10+H10 -> 0 | I10: =J10+K10 -> 0 | J10: =G10*E10 -> 0
A11: =_xlfn.AGGREGATE(3,3,$B$10:B11) -> 2 | B11: "Технобарьер ТПП" или аналог | C11: м2 | D11: 1.15 | E11: =E10*D11 -> 448.41 | F11: =G11+H11 -> 0 | I11: =J11+K11 -> 0 | K11: =H11*E11 -> 0 | L11: Материал подрядчика
A12: =_xlfn.AGGREGATE(3,3,$B$10:B12) -> 3 | B12: Устройство утепления 100мм | C12: м2 | E12: =Расч.!E4 -> 375.2 | F12: =G12+H12 -> 0 | I12: =J12+K12 -> 0 | J12: =G12*E12 -> 0
A13: =_xlfn.AGGREGATE(3,3,$B$10:B13) -> 4 | B13: Экструзионный пенополистирол Технониколь Carbon Prof или аналог, 100 мм. | C13: м3 | D13: 1.1 | E13: =E12*D13*0.1 -> 41.27 | F13: =G13+H13 -> 0 | I13: =J13+K13 -> 0 | K13: =H13*E13 -> 0 | L13: Материал подрядчика
A14: =_xlfn.AGGREGATE(3,3,$B$10:B14) -> 5 | B14: Устройство слоя пароизоляции | C14: м2 | E14: =E12 -> 375.2 | F14: =G14+H14 -> 0 | I14: =J14+K14 -> 0 | J14: =G14*E14 -> 0
A15: =_xlfn.AGGREGATE(3,3,$B$10:B15) -> 6 | B15: Пароизоляционная пленка 200 мкн | C15: м2 | D15: 1.15 | E15: =E14*D15 -> 431.48 | F15: =G15+H15 -> 0 | I15: =J15+K15 -> 0 | K15: =H15*E15 -> 0 | L15: Материал подрядчика
A16: =_xlfn.AGGREGATE(3,3,$B$10:B16) -> 7 | B16: Утепление парапета на высоту 220мм | C16: м2 | E16: =Расч.!J65*0.22 -> 17.12 | F16: =G16+H16 -> 0 | I16: =J16+K16 -> 0 | J16: =G16*E16 -> 0
A17: =_xlfn.AGGREGATE(3,3,$B$10:B17) -> 8 | B17: Экструзионный пенополистирол Технониколь Carbon Prof или аналог,100 мм. | C17: м3 | D17: 1.1 | E17: =E16*0.1*D17 -> 1.88 | F17: =G17+H17 -> 0 | I17: =J17+K17 -> 0 | K17: =H17*E17 -> 0 | L17: Материал подрядчика
A18: =_xlfn.AGGREGATE(3,3,$B$10:B18) -> 9 | B18: Устройство цементно-песчаной стяжки М 150 армированная сеткой 3 Вр1 с ячейкой 200х200 - толщ. от 50 мм до 220 мм | C18: м2 | E18: =Расч.!I6 -> 367.42 | F18: =G18+H18 -> 0 | I18: =J18+K18 -> 0 | J18: =G18*E18 -> 0
A19: =_xlfn.AGGREGATE(3,3,$B$10:B19) -> 10 | B19: Раствор цементно-песчаный М150 | C19: м3 | D19: 1.015 | E19: =Расч.!J7*D19 -> 60.91 | F19: =G19+H19 -> 0 | I19: =J19+K19 -> 0 | K19: =H19*E19 -> 0 | L19: Материал подрядчика
A20: =_xlfn.AGGREGATE(3,3,$B$10:B20) -> 11 | B20: Сетка 3 Вр1 с ячейкой 200х200 | C20: м2 | D20: 1.2 | E20: =E18*D20 -> 440.9 | F20: =G20+H20 -> 0 | I20: =J20+K20 -> 0 | K20: =H20*E20 -> 0 | L20: Материал подрядчика
A21: =_xlfn.AGGREGATE(3,3,$B$10:B21) -> 12 | B21: Устройство галтели из цементно-песчаной стяжки М 150 , 100х100 мм | C21: м/п | E21: =Расч.!E7 -> 147.16 | F21: =G21+H21 -> 0 | I21: =J21+K21 -> 0 | J21: =G21*E21 -> 0
A22: =_xlfn.AGGREGATE(3,3,$B$10:B22) -> 13 | B22: Раствор цементно-песчаный М150 | C22: м3 | D22: 0.005 | E22: =D22*E21 -> 0.74 | F22: =G22+H22 -> 0 | I22: =J22+K22 -> 0 | K22: =H22*E22 -> 0 | L22: Материал подрядчика
A23: =_xlfn.AGGREGATE(3,3,$B$10:B23) -> 14 | B23: Огрунтовка поверхности ж/б плиты битумным праймером с учётом примыканий на 300мм | C23: м2 | E23: =Расч.!E4+Расч.!E7*0.3 -> 419.35 | F23: =G23+H23 -> 0 | I23: =J23+K23 -> 0 | J23: =G23*E23 -> 0
A24: =_xlfn.AGGREGATE(3,3,$B$10:B24) -> 15 | B24: Праймер битумный Технониколь №1 или аналог | C24: л | D24: 0.35 | E24: =E23*D24 -> 146.77 | F24: =G24+H24 -> 0 | I24: =J24+K24 -> 0 | K24: =H24*E24 -> 0 | L24: Материал подрядчика
A25: =_xlfn.AGGREGATE(3,3,$B$10:B25) -> 16 | B25: Устройство наплавляемой гидроизоляции 2 слоя | C25: м2 | E25: =Расч.!E4 -> 375.2 | F25: =G25+H25 -> 0 | I25: =J25+K25 -> 0 | J25: =G25*E25 -> 0
A26: =_xlfn.AGGREGATE(3,3,$B$10:B26) -> 17 | B26: "Унифлекс ЭКП" | C26: м2 | D26: 1.16 | E26: =E25*D26 -> 435.23 | F26: =G26+H26 -> 0 | I26: =J26+K26 -> 0 | K26: =H26*E26 -> 0 | L26: Материал подрядчика
A27: =_xlfn.AGGREGATE(3,3,$B$10:B27) -> 18 | B27: "Унифлекс ТПП" | C27: м2 | D27: 1.14 | E27: =E25*D27 -> 427.73 | F27: =G27+H27 -> 0 | I27: =J27+K27 -> 0 | K27: =H27*E27 -> 0 | L27: Материал подрядчика
A28: =_xlfn.AGGREGATE(3,3,$B$10:B28) -> 19 | B28: Пропан | C28: кг | D28: 0.6 | E28: =E25*D28 -> 225.12 | F28: =G28+H28 -> 0 | I28: =J28+K28 -> 0 | K28: =H28*E28 -> 0 | L28: Материал подрядчика
A29: =_xlfn.AGGREGATE(3,3,$B$10:B29) -> 20 | B29: Устройство примыканий наплавляемой гидроизоляции в 2 слоя | C29: м/п | E29: =E21 -> 147.16 | F29: =G29+H29 -> 0 | I29: =J29+K29 -> 0 | J29: =G29*E29 -> 0
A30: =_xlfn.AGGREGATE(3,3,$B$10:B30) -> 21 | B30: "Унифлекс ЭКП" | C30: м2 | D30: 1.16 | E30: =E29*0.5*D30 -> 85.35 | F30: =G30+H30 -> 0 | I30: =J30+K30 -> 0 | K30: =H30*E30 -> 0 | L30: Материал подрядчика
A31: =_xlfn.AGGREGATE(3,3,$B$10:B31) -> 22 | B31: "Унифлекс ТПП" | C31: м2 | D31: 1.14 | E31: =E29*0.4*D31 -> 67.1 | F31: =G31+H31 -> 0 | I31: =J31+K31 -> 0 | K31: =H31*E31 -> 0 | L31: Материал подрядчика
A32: =_xlfn.AGGREGATE(3,3,$B$10:B32) -> 23 | B32: Слой усиления "Унифлекс ТПП" | C32: м2 | D32: 1.14 | E32: =E29*0.25*D32 -> 41.94 | F32: =G32+H32 -> 0 | I32: =J32+K32 -> 0 | K32: =H32*E32 -> 0 | L32: Материал подрядчика
A33: =_xlfn.AGGREGATE(3,3,$B$10:B33) -> 24 | B33: Пропан | C33: кг | D33: 0.6 | E33: =E29*D33 -> 88.3 | F33: =G33+H33 -> 0 | I33: =J33+K33 -> 0 | K33: =H33*E33 -> 0 | L33: Материал подрядчика
A34: =_xlfn.AGGREGATE(3,3,$B$10:B34) -> 25 | B34: Рейка краевая алюминиевая ТЕХНОНИКОЛЬ 4.8х50 | C34: м | D34: 1.03 | E34: =E29*D34 -> 151.57 | F34: =G34+H34 -> 0 | I34: =J34+K34 -> 0 | K34: =H34*E34 -> 0 | L34: Материал подрядчика
A35: =_xlfn.AGGREGATE(3,3,$B$10:B35) -> 26 | B35: Распорный дюбель (5 шт/1 м) | C35: шт | D35: 5 | E35: =ROUND(E29*D35,0) -> 736 | F35: =G35+H35 -> 0 | I35: =J35+K35 -> 0 | K35: =H35*E35 -> 0 | L35: Материал подрядчика
A36: =_xlfn.AGGREGATE(3,3,$B$10:B36) -> 27 | B36: Мастика герметизирующая Технониколь №71 600мл | C36: шт | D36: 0.15 | E36: =ROUND(E29*0.15,0) -> 22 | F36: =G36+H36 -> 0 | I36: =J36+K36 -> 0 | K36: =H36*E36 -> 0 | L36: Материал подрядчика
A37: =_xlfn.AGGREGATE(3,3,$B$10:B37) -> 28 | B37: Установка водоприемных воронок | C37: шт | E37: 2 | F37: =G37+H37 -> 0 | I37: =J37+K37 -> 0 | J37: =G37*E37 -> 0
A38: =_xlfn.AGGREGATE(3,3,$B$10:B38) -> 29 | B38: Кровельная воронка HL61,1 с битумным полотном и подогревом (10-30Вт/230В), с листвоуловителем, с теплоизоляцией и обжимным фланцем | C38: шт | D38: 1 | E38: =E37 -> 2 | F38: =G38+H38 -> 0 | I38: =J38+K38 -> 0 | K38: =H38*E38 -> 0 | L38: Материал подрядчика
A39: =_xlfn.AGGREGATE(3,3,$B$10:B39) -> 30 | B39: Установка аэраторов | C39: шт | E39: 3 | F39: =G39+H39 -> 0 | I39: =J39+K39 -> 0 | J39: =G39*E39 -> 0
A40: =_xlfn.AGGREGATE(3,3,$B$10:B40) -> 31 | B40: Аэратор кровельный Технониколь | C40: шт | D40: 1 | E40: =E39*D40 -> 3 | F40: =G40+H40 -> 0 | I40: =J40+K40 -> 0 | K40: =H40*E40 -> 0 | L40: Материал подрядчика
A41: =_xlfn.AGGREGATE(3,3,$B$10:B41) -> 32 | B41: Герметизация примыкания к фановым трубам | C41: шт | E41: 12 | F41: =G41+H41 -> 0 | I41: =J41+K41 -> 0 | J41: =G41*E41 -> 0
A42: =_xlfn.AGGREGATE(3,3,$B$10:B42) -> 33 | B42: Мастика герметизирующая Технониколь №71 600мл | C42: шт | D42: 0.15 | E42: =ROUNDUP(D42*E41,0) -> 2 | F42: =G42+H42 -> 0 | I42: =J42+K42 -> 0 | K42: =H42*E42 -> 0 | L42: Материал подрядчика
A43: =_xlfn.AGGREGATE(3,3,$B$10:B43) -> 34 | B43: Обжимной хомут из оцинкованной стали /Держатель для трубы D150 | C43: шт | D43: 1 | E43: =E41 -> 12 | F43: =G43+H43 -> 0 | I43: =J43+K43 -> 0 | K43: =H43*E43 -> 0 | L43: Материал подрядчика
A44: 35 | B44: Фасонная деталь из ЭПДМ-резины | C44: шт | D44: 1 | E44: =E41*D44 -> 12 | F44: =G44+H44 -> 0 | I44: =J44+K44 -> 0 | K44: =H44*E44 -> 0 | L44: Материал подрядчика
A45: =_xlfn.AGGREGATE(3,3,$B$10:B45) -> 36 | B45: Герметизация примыкания к металлическим трубам (гусак-проходка) | C45: шт | E45: 3 | F45: =G45+H45 -> 0 | I45: =J45+K45 -> 0 | J45: =G45*E45 -> 0
A46: =_xlfn.AGGREGATE(3,3,$B$10:B46) -> 37 | B46: Обжимной металлический хомут | C46: шт | D46: 1 | E46: =E45*D46 -> 3 | F46: =G46+H46 -> 0 | I46: =J46+K46 -> 0 | K46: =H46*E46 -> 0 | L46: Материал подрядчика
A47: =_xlfn.AGGREGATE(3,3,$B$10:B47) -> 38 | B47: Фасонная деталь из ЭПДМ-резины | C47: шт | D47: 1 | E47: =E45*D47 -> 3 | F47: =G47+H47 -> 0 | I47: =J47+K47 -> 0 | K47: =H47*E47 -> 0 | L47: Материал подрядчика
A48: =_xlfn.AGGREGATE(3,3,$B$10:B48) -> 39 | B48: Мастика герметизирующая ТЕХНОНИКОЛЬ №71 | C48: шт | D48: 0.15 | E48: =ROUNDUP(E45*D48,0) -> 1 | F48: =G48+H48 -> 0 | I48: =J48+K48 -> 0 | K48: =H48*E48 -> 0 | L48: Материал подрядчика
A49: =_xlfn.AGGREGATE(3,3,$B$10:B49) -> 40 | B49: Устройство деформационного шва на кровле (примыкание между 9эт.) | C49: м/п | E49: =Расч.!N59 -> 15.24 | F49: =G49+H49 -> 0 | I49: =J49+K49 -> 0 | J49: =G49*E49 -> 0
A50: =_xlfn.AGGREGATE(3,3,$B$10:B50) -> 41 | B50: Распорный дюбель (5 шт/1 м) | C50: шт | D50: 5 | E50: =ROUND(E49*D50,0) -> 76 | F50: =G50+H50 -> 0 | I50: =J50+K50 -> 0 | K50: =H50*E50 -> 0 | L50: Материал подрядчика
A51: =_xlfn.AGGREGATE(3,3,$B$10:B51) -> 42 | B51: Компенсатор из оцинкованной кровельной стали Б-ПН-НО-0,5х1210 L=м.п. ГОСТ 19904-90/ОН-КР-1 ГОСТ 14918-2020 (К-1) | C51: м | D51: 1.1 | E51: =ROUND(E49*D51,2) -> 16.76 | F51: =G51+H51 -> 0 | I51: =J51+K51 -> 0 | K51: =H51*E51 -> 0 | L51: Материал подрядчика
A52: =_xlfn.AGGREGATE(3,3,$B$10:B52) -> 43 | B52: Профиль П-1 из оцинкованной стали 0,5мм (длина профиля по сечению - 1150 мм) | C52: м | D52: 1.1 | E52: =ROUND(E49*D52,2) -> 16.76 | F52: =G52+H52 -> 0 | I52: =J52+K52 -> 0 | K52: =H52*E52 -> 0 | L52: Материал подрядчика
A53: =_xlfn.AGGREGATE(3,3,$B$10:B53) -> 44 | B53: Минераловатный утеплитель | C53: м3 | D53: 0.1 | E53: =E49*D53 -> 1.52 | F53: =G53+H53 -> 0 | I53: =J53+K53 -> 0 | K53: =H53*E53 -> 0 | L53: Материал подрядчика
A54: =_xlfn.AGGREGATE(3,3,$B$10:B54) -> 45 | B54: Кровельный костыль, шаг 600 мм. | C54: шт | D54: 3.32 | E54: =ROUND(E49*D54,0) -> 51 | F54: =G54+H54 -> 0 | I54: =J54+K54 -> 0 | K54: =H54*E54 -> 0 | L54: Материал подрядчика
A55: =_xlfn.AGGREGATE(3,3,$B$10:B55) -> 46 | B55: Устройство отлива покрытия | C55: м/п | E55: =Расч.!N67 -> 17.7 | F55: =G55+H55 -> 0 | I55: =J55+K55 -> 0 | J55: =G55*E55 -> 0
A56: =_xlfn.AGGREGATE(3,3,$B$10:B56) -> 47 | B56: Отлив из оцинкованной стали с полимерным покрытием δ=0,5мм, шириной 210мм (От-10) | C56: м | D56: 1.1 | E56: =E55*D56 -> 19.47 | F56: =G56+H56 -> 0 | I56: =J56+K56 -> 0 | K56: =H56*E56 -> 0 | L56: Материал подрядчика
A57: =_xlfn.AGGREGATE(3,3,$B$10:B57) -> 48 | B57: Распорный дюбель (5 шт/1 м) | C57: шт | D57: 5 | E57: =ROUND(D57*E55,0) -> 89 | F57: =G57+H57 -> 0 | I57: =J57+K57 -> 0 | K57: =H57*E57 -> 0 | L57: Материал подрядчика
A58: =_xlfn.AGGREGATE(3,3,$B$10:B58) -> 49 | B58: Раствор цементно-песчаный М150 | C58: м3 | D58: 1.015 | E58: =17.7*0.12*((0.03+0.01)/2)*D58 -> 0.04 | F58: =G58+H58 -> 0 | I58: =J58+K58 -> 0 | K58: =H58*E58 -> 0 | L58: Материал подрядчика
A59: =_xlfn.AGGREGATE(3,3,$B$10:B59) -> 50 | B59: Устройство фартуков парапета | C59: м/п | E59: =Расч.!N64 -> 66.1 | F59: =G59+H59 -> 0 | I59: =J59+K59 -> 0 | J59: =G59*E59 -> 0
A60: =_xlfn.AGGREGATE(3,3,$B$10:B60) -> 51 | B60: Распорный дюбель (5 шт/1 м) | C60: шт | D60: 5 | E60: =ROUND(E59*D60,0) -> 331 | F60: =G60+H60 -> 0 | I60: =J60+K60 -> 0 | K60: =H60*E60 -> 0 | L60: Материал Подрядчика
A61: =_xlfn.AGGREGATE(3,3,$B$10:B61) -> 52 | B61: Фартук из оцинкованной кровельной стали Б-ПН-НО-0,5х965 L=м.п. ГОСТ 19904-90/ОН-КР-1 ГОСТ 14918-2020, (Ф-2) | C61: м | D61: 1.1 | E61: =E59*D61 -> 72.71 | F61: =G61+H61 -> 0 | I61: =J61+K61 -> 0 | K61: =H61*E61 -> 0 | L61: Материал подрядчика
A62: =_xlfn.AGGREGATE(3,3,$B$10:B62) -> 53 | B62: Кровельный костыль, шаг 600 мм. | C62: шт | D62: 1.66 | E62: =ROUND(D62*E59,0) -> 110 | F62: =G62+H62 -> 0 | I62: =J62+K62 -> 0 | K62: =H62*E62 -> 0 | L62: Материал подрядчика
B63: Раздел 2. Вентшахты
A64: 54 | B64: Комплекс работ по устройству переходов прямоугольно-треугольного сечения из оцинкованной стали (длина одной из сторон до 1600 мм) | C64: шт | E64: 4 | F64: =G64+H64 -> 0 | I64: =J64+K64 -> 0 | J64: =G64*E64 -> 0
A65: 55 | B65: Металлический зонт (ВШ-1 730х1060мм) | C65: шт | D65: 1 | E65: =E64*D65 -> 4 | F65: =G65+H65 -> 0 | I65: =J65+K65 -> 0 | K65: =H65*E65 -> 0 | L65: Материал подрядчика
A66: 56 | B66: Комплекс работ по устройству переходов прямоугольно-треугольного сечения из оцинкованной стали (длина одной из сторон до 1600 мм) | C66: шт | E66: 5 | F66: =G66+H66 -> 0 | I66: =J66+K66 -> 0 | J66: =G66*E66 -> 0
A67: 57 | B67: Металлический зонт (ВШ-2 730х1170мм) | C67: шт | D67: 1 | E67: =E66*D67 -> 5 | F67: =G67+H67 -> 0 | I67: =J67+K67 -> 0 | K67: =H67*E67 -> 0 | L67: Материал подрядчика
A68: 58 | B68: Комплекс работ по устройству переходов прямоугольно-треугольного сечения из оцинкованной стали (длина одной из сторон до 1600 мм) | C68: шт | E68: 2 | F68: =G68+H68 -> 0 | I68: =J68+K68 -> 0 | J68: =G68*E68 -> 0
A69: 59 | B69: Металлический зонт (ВШ-3 730х1250мм) | C69: шт | D69: 1 | E69: =E68*D69 -> 2 | F69: =G69+H69 -> 0 | I69: =J69+K69 -> 0 | K69: =H69*E69 -> 0 | L69: Материал подрядчика
A70: 60 | B70: Комплекс работ по устройству переходов прямоугольно-треугольного сечения из оцинкованной стали (длина одной из сторон до 2200 мм) | C70: шт | E70: 1 | F70: =G70+H70 -> 0 | I70: =J70+K70 -> 0 | J70: =G70*E70 -> 0
A71: 61 | B71: Металлический зонт (ВШ-4 730х1810мм) | C71: шт | D71: 1 | E71: =E70*D71 -> 1 | F71: =G71+H71 -> 0 | I71: =J71+K71 -> 0 | K71: =H71*E71 -> 0 | L71: Материал подрядчика
B72: Раздел 3. Кровля Тип 2
A73: 62 | B73: Укладка пароизоляции с учётом примыкания на 100мм | C73: м2 | E73: =Расч.!O4+Расч.!O7*0.1 -> 11.28 | F73: =G73+H73 -> 0 | I73: =J73+K73 -> 0 | J73: =G73*E73 -> 0
A74: 63 | B74: "Технобарьер ТПП" или аналог | C74: м2 | D74: 1.15 | E74: =E73*D74 -> 12.97 | F74: =G74+H74 -> 0 | I74: =J74+K74 -> 0 | K74: =H74*E74 -> 0 | L74: Материал подрядчика
A75: 64 | B75: Устройство утепления 100мм | C75: м2 | E75: =Расч.!O4 -> 11.03 | F75: =G75+H75 -> 0 | I75: =J75+K75 -> 0 | J75: =G75*E75 -> 0
A76: 65 | B76: Экструзионный пенополистирол Технониколь Carbon Prof или аналог, 100 мм. | C76: м3 | D76: 1.1 | E76: =E75*D76*0.1 -> 1.21 | F76: =G76+H76 -> 0 | I76: =J76+K76 -> 0 | K76: =H76*E76 -> 0 | L76: Материал подрядчика
A77: 66 | B77: Устройство слоя пароизоляции | C77: м2 | E77: =E75 -> 11.03 | F77: =G77+H77 -> 0 | I77: =J77+K77 -> 0 | J77: =G77*E77 -> 0
A78: 67 | B78: Пароизоляционная пленка 200 мкн | C78: м2 | D78: 1.15 | E78: =E77*D78 -> 12.68 | F78: =G78+H78 -> 0 | I78: =J78+K78 -> 0 | K78: =H78*E78 -> 0 | L78: Материал подрядчика
A79: 68 | B79: Устройство цементно-песчаной стяжки М 150 армированная сеткой 3 Вр1 с ячейкой 200х200 - толщ. от 50 мм до 100 мм | C79: м2 | E79: =E77 -> 11.03 | F79: =G79+H79 -> 0 | I79: =J79+K79 -> 0 | J79: =G79*E79 -> 0
A80: 69 | B80: Раствор цементно-песчаный М150 | C80: м3 | D80: 1.015 | E80: =Расч.!T7*D80 -> 0.71 | F80: =G80+H80 -> 0 | I80: =J80+K80 -> 0 | K80: =H80*E80 -> 0 | L80: Материал подрядчика
A81: 70 | B81: Сетка 3 Вр1 с ячейкой 200х200 | C81: м2 | D81: 1.2 | E81: =E79*D81 -> 13.24 | F81: =G81+H81 -> 0 | I81: =J81+K81 -> 0 | K81: =H81*E81 -> 0 | L81: Материал подрядчика
A82: 71 | B82: Устройство галтели из цементно-песчаной стяжки М 150 , 100х100 мм | C82: м/п | E82: =Расч.!O7 -> 2.54 | F82: =G82+H82 -> 0 | I82: =J82+K82 -> 0 | J82: =G82*E82 -> 0
A83: 72 | B83: Раствор цементно-песчаный М150 | C83: м3 | D83: 0.005 | E83: =D83*E82 -> 0.01 | F83: =G83+H83 -> 0 | I83: =J83+K83 -> 0 | K83: =H83*E83 -> 0 | L83: Материал подрядчика
A84: 73 | B84: Огрунтовка поверхности ж/б плиты битумным праймером с учётом примыканий на 300мм | C84: м2 | E84: =Расч.!O4+Расч.!O7*0.3 -> 11.79 | F84: =G84+H84 -> 0 | I84: =J84+K84 -> 0 | J84: =G84*E84 -> 0
A85: 74 | B85: Праймер битумный Технониколь №1 или аналог | C85: л | D85: 0.35 | E85: =E84*D85 -> 4.13 | F85: =G85+H85 -> 0 | I85: =J85+K85 -> 0 | K85: =H85*E85 -> 0 | L85: Материал подрядчика
A86: 75 | B86: Устройство наплавляемой гидроизоляции 2 слоя | C86: м2 | E86: =E79 -> 11.03 | F86: =G86+H86 -> 0 | I86: =J86+K86 -> 0 | J86: =G86*E86 -> 0
A87: 76 | B87: "Унифлекс ЭКП" | C87: м2 | D87: 1.16 | E87: =E86*D87 -> 12.79 | F87: =G87+H87 -> 0 | I87: =J87+K87 -> 0 | K87: =H87*E87 -> 0 | L87: Материал подрядчика
A88: 77 | B88: "Унифлекс ТПП" | C88: м2 | D88: 1.14 | E88: =E86*D88 -> 12.57 | F88: =G88+H88 -> 0 | I88: =J88+K88 -> 0 | K88: =H88*E88 -> 0 | L88: Материал подрядчика
A89: 78 | B89: Пропан | C89: кг | D89: 0.6 | E89: =E86*D89 -> 6.62 | F89: =G89+H89 -> 0 | I89: =J89+K89 -> 0 | K89: =H89*E89 -> 0 | L89: Материал подрядчика
A90: 79 | B90: Устройство примыканий наплавляемой гидроизоляции в 2 слоя | C90: м/п | E90: =E82 -> 2.54 | F90: =G90+H90 -> 0 | I90: =J90+K90 -> 0 | J90: =G90*E90 -> 0
A91: 80 | B91: "Унифлекс ЭКП" | C91: м2 | D91: 1.16 | E91: =E90*0.5*D91 -> 1.47 | F91: =G91+H91 -> 0 | I91: =J91+K91 -> 0 | K91: =H91*E91 -> 0 | L91: Материал подрядчика
A92: 81 | B92: "Унифлекс ТПП" | C92: м2 | D92: 1.14 | E92: =E90*0.4*D92 -> 1.16 | F92: =G92+H92 -> 0 | I92: =J92+K92 -> 0 | K92: =H92*E92 -> 0 | L92: Материал подрядчика
A93: 82 | B93: Слой усиления "Унифлекс ТПП" | C93: м2 | D93: 1.14 | E93: =E90*0.25*D93 -> 0.72 | F93: =G93+H93 -> 0 | I93: =J93+K93 -> 0 | K93: =H93*E93 -> 0 | L93: Материал подрядчика
A94: 83 | B94: Пропан | C94: кг | D94: 0.6 | E94: =E90*D94 -> 1.52 | F94: =G94+H94 -> 0 | I94: =J94+K94 -> 0 | K94: =H94*E94 -> 0 | L94: Материал подрядчика
A95: 84 | B95: Рейка краевая алюминиевая ТЕХНОНИКОЛЬ 4.8х50 | C95: м | D95: 1.03 | E95: =E90*D95 -> 2.62 | F95: =G95+H95 -> 0 | I95: =J95+K95 -> 0 | K95: =H95*E95 -> 0 | L95: Материал подрядчика
A96: 85 | B96: Распорный дюбель (5 шт/1 м) | C96: шт | D96: 5 | E96: =ROUND(E90*D96,0) -> 13 | F96: =G96+H96 -> 0 | I96: =J96+K96 -> 0 | K96: =H96*E96 -> 0 | L96: Материал подрядчика
A97: 86 | B97: Мастика герметизирующая Технониколь №71 600мл | C97: шт | D97: 0.15 | E97: =ROUNDUP(E90*D97,0) -> 1 | F97: =G97+H97 -> 0 | I97: =J97+K97 -> 0 | K97: =H97*E97 -> 0 | L97: Материал подрядчика
A98: 87 | B98: Устройство фартуков парапета | C98: м/п | E98: =Расч.!O62 -> 7.3 | F98: =G98+H98 -> 0 | I98: =J98+K98 -> 0 | J98: =G98*E98 -> 0
A99: 88 | B99: Распорный дюбель (5 шт/1 м) | C99: шт | D99: 5 | E99: =ROUND(E98*D99,0) -> 37 | F99: =G99+H99 -> 0 | I99: =J99+K99 -> 0 | K99: =H99*E99 -> 0 | L99: Материал подрядчика
A100: 89 | B100: Фартук из оцинкованной кровельной стали Б-ПН-НО-0,5х895 L=м.п. ГОСТ 19904-90/ОН-КР-1 ГОСТ 14918-2020, (Ф-3) | C100: м | D100: 1.1 | E100: =E98*D100 -> 8.03 | F100: =G100+H100 -> 0 | I100: =J100+K100 -> 0 | K100: =H100*E100 -> 0 | L100: Материал подрядчика
...

Sheet Расч.
B3: Кровля секция БС-1 тип 1 | C3: Общая площадь кровли, м2 | D3: ВШ, м2 | E3: Площадь кровли за вычетом ВШ, м2 | G3: Кровля секция БС-1 тип 1 | H3: Сегмент № | I3: S1 | J3: Общий объем стяжки, м3 | L3: Кровля секция БС-1 тип2 | M3: Общая площадь кровли, м2 | N3: ВШ , м2 | O3: Площадь кровли за вычетом ВШ, м2 | Q3: Кровля секция БС-1 тип 2 | R3: Сегмент № | S3: S1 | T3: Общий объем стяжки, м3
C4: 385.5 | D4: 10.3 | E4: =C4-D4 -> 375.2 | H4: Толщина t1, м | I4: =0.05 -> 0.05 | M4: 11.03 | N4: 0 | O4: =M4-N4 -> 11.03 | R4: Толщина t1, м | S4: =0.05 -> 0.05
H5: Толщина t2, м | I5: =25.72-25.55 -> 0.17 | R5: Толщина t2, м | S5: =27.07-27.05 -> 0.02
C6: Длина примыканий, м | H6: Площадь сегмента, м2 | I6: =E4-77.8*0.1 -> 367.42 | M6: Длина примыканий, м | R6: Площадь сегмента, м2 | S6: =O4 -> 11.03
C7: 98.16 | D7: =45.8+0.8*4 -> 49 | E7: =C7+D7 -> 147.16 | H7: Объем стяжки, м3 | I7: =(I6*I4)+((I6*I5)*2/3) -> 60.01 | J7: =SUM(G7:I7) -> 60.01 | M7: 2.54 | N7: 0 | O7: =M7+N7 -> 2.54 | R7: Объем стяжки, м3 | S7: =(S6*S4)+((S6*S5)*2/3) -> 0.7 | T7: =SUM(Q7:S7) -> 0.7
B10: Кровля секция БС-2 тип1 | C10: Общая площадь кровли, м2 | D10: ВШ , м2 | E10: Площадь кровли за вычетом ВШ, м2 | G10: Кровля секция БС-2 тип 1 | H10: Сегмент № | I10: S1 | J10: Общий объем стяжки, м3 | L10: Кровля секция БС-2 тип2 | M10: Общая площадь кровли, м2 | N10: ВШ , м2 | O10: Площадь кровли за вычетом ВШ, м2 | Q10: Кровля секция БС-2 тип 2 | R10: Сегмент № | S10: S1 | T10: Общий объем стяжки, м3 | V10: Кровля секция БС-2 тип3 | W10: Общая площадь кровли, м2 | X10: ВШ , м2 | Y10: Площадь кровли за вычетом ВШ, м2 | AA10: Кровля секция БС-2 тип 3 | AB10: Сегмент № | AC10: S1 | AD10: Общий объем стяжки, м3
C11: 416.3 | D11: 11.3 | E11: =C11-D11 -> 405 | H11: Толщина t1, м | I11: =0.05 -> 0.05 | M11: 8.3 | N11: 0 | O11: =M11-N11 -> 8.3 | R11: Толщина t1, м | S11: =0.05 -> 0.05 | W11: 15.5 | X11: 0 | Y11: =W11-X11 -> 15.5 | AB11: Толщина t1, м | AC11: =0.05 -> 0.05
H12: Толщина t2, м | I12: =25.72-25.55 -> 0.17 | R12: Толщина t2, м | S12: 0.05 | AB12: Толщина t2, м | AC12: =28.17-28.13 -> 0.04
C13: Длина примыканий, м | H13: Площадь сегмента, м2 | I13: =E11-84.6*0.1 -> 396.54 | M13: Длина примыканий, м | R13: Площадь сегмента, м2 | S13: =O11 -> 8.3 | W13: Длина примыканий, м | AB13: Площадь сегмента, м2 | AC13: =Y11 -> 15.5
C14: 105.5 | D14: =50+0.8*4 -> 53.2 | E14: =C14+D14 -> 158.7 | H14: Объем стяжки, м3 | I14: =(I13*I11)+((I13*I12)*2/3) -> 64.77 | J14: =SUM(G14:I14) -> 64.77 | M14: 9.5 | N14: 0 | O14: =M14+N14 -> 9.5 | R14: Объем стяжки, м3 | S14: =(S13*S11)+((S13*S12)*2/3) -> 0.69 | T14: =SUM(Q14:S14) -> 0.69 | W14: 19 | X14: =0.8*8 -> 6.4 | Y14: =W14+X14 -> 25.4 | AB14: Объем стяжки, м3 | AC14: =(AC13*AC11)+((AC13*AC12)*2/3) -> 1.19 | AD14: =SUM(AA14:AC14) -> 1.19
B17: Кровля секция БС-3 тип1 | C17: Общая площадь кровли, м2 | D17: ВШ, м2 | E17: Площадь кровли за вычетом ВШ, м2 | G17: Кровля секция БС-3 тип 1 | H17: Сегмент № | I17: S1 | J17: Общий объем стяжки, м3 | L17: Кровля секция БС-3 тип2 | M17: Общая площадь кровли, м2 | N17: ВШ , м2 | O17: Площадь кровли за вычетом ВШ, м2 | Q17: Кровля секция БС-3 тип 2 | R17: Сегмент № | S17: S1 | T17: Общий объем стяжки, м3 | V17: Кровля секция БС-3 тип3 | W17: Общая площадь кровли, м2 | X17: ВШ , м2 | Y17: Площадь кровли за вычетом ВШ, м2 | AA17: Кровля секция БС-3 тип 3 | AB17: Сегмент № | AC17: S1 | AD17: Общий объем стяжки, м3
C18: 596.6 | D18: 32.88 | E18: =C18-D18 -> 563.72 | H18: Толщина t1, м | I18: =0.05 -> 0.05 | M18: 10.15 | N18: 0 | O18: =M18-N18 -> 10.15 | R18: Толщина t1, м | S18: =0.05 -> 0.05 | W18: 17.13 | X18: 0 | Y18: =W18-X18 -> 17.13 | AB18: Толщина t1, м | AC18: =0.05 -> 0.05
H19: Толщина t2, м | I19: =25.72-25.55 -> 0.17 | R19: Толщина t2, м | S19: =27.07-27.05 -> 0.02 | AB19: Толщина t2, м | AC19: =28.14-28.1 -> 0.04
C20: Длина примыканий, м | H20: Площадь сегмента, м2 | I20: =E18-115.75*0.1 -> 552.15 | M20: Длина примыканий, м | R20: Площадь сегмента, м2 | S20: =O18 -> 10.15 | W20: Длина примыканий, м | AB20: Площадь сегмента, м2 | AC20: =Y18 -> 17.13
C21: 133.33 | D21: =99.83+0.8*16 -> 112.63 | E21: =C21+D21 -> 245.96 | H21: Объем стяжки, м3 | I21: =(I20*I18)+((I20*I19)*2/3) -> 90.18 | J21: =SUM(G21:I21) -> 90.18 | M21: 0 | N21: 0 | O21: =M21+N21 -> 0 | R21: Объем стяжки, м3 | S21: =(S20*S18)+((S20*S19)*2/3) -> 0.64 | T21: =SUM(Q21:S21) -> 0.64 | W21: 17.86 | X21: 0 | Y21: =W21+X21 -> 17.86 | AB21: Объем стяжки, м3 | AC21: =(AC20*AC18)+((AC20*AC19)*2/3) -> 1.31 | AD21: =SUM(AA21:AC21) -> 1.31
B24: Кровля секция БС-4 тип1 | C24: Общая площадь кровли, м2 | D24: ВШ , м2 | E24: Площадь кровли за вычетом ВШ, м2 | G24: Кровля секция БС-4 тип1 | H24: Сегмент № | I24: S1 | J24: Общий объем стяжки, м3 | L24: Кровля секция БС-4 тип2 | M24: Общая площадь кровли, м2 | N24: ВШ , м2 | O24: Площадь кровли за вычетом ВШ, м2 | Q24: Кровля секция БС-4 тип 2 | R24: Сегмент № | S24: S1 | T24: Общий объем стяжки, м3
C25: 342.42 | D25: 9.88 | E25: =C25-D25 -> 332.54 | H25: Толщина t1, м | I25: =0.05 -> 0.05 | M25: 7 | N25: 0 | O25: =M25-N25 -> 7 | R25: Толщина t1, м | S25: =0.05 -> 0.05
H26: Толщина t2, м | I26: =25.72-25.55 -> 0.17 | R26: Толщина t2, м | S26: =27.07-27.05 -> 0.02
C27: Длина примыканий, м | H27: Площадь сегмента, м2 | I27: =E25-72.12*0.1 -> 325.33 | M27: Длина примыканий, м | R27: Площадь сегмента, м2 | S27: =O25 -> 7
C28: 83.24 | D28: 41.06 | E28: =C28+D28 -> 124.3 | H28: Объем стяжки, м3 | I28: =(I27*I25)+((I27*I26)*2/3) -> 53.14 | J28: =SUM(G28:I28) -> 53.14 | M28: 2.5 | N28: 0 | O28: =M28+N28 -> 2.5 | R28: Объем стяжки, м3 | S28: =(S27*S25)+((S27*S26)*2/3) -> 0.44 | T28: =SUM(Q28:S28) -> 0.44
B31: Кровля секция БС-5 тип1 | C31: Общая площадь кровли, м2 | D31: ВШ, м2 | E31: Площадь кровли за вычетом ВШ, м2 | G31: Кровля секция БС-3 тип 1 | H31: Сегмент № | I31: S1 | J31: Общий объем стяжки, м3 | L31: Кровля секция БС-5 тип2 | M31: Общая площадь кровли, м2 | N31: ВШ , м2 | O31: Площадь кровли за вычетом ВШ, м2 | Q31: Кровля секция БС-5 тип 2 | R31: Сегмент № | S31: S1 | T31: Общий объем стяжки, м3 | V31: Кровля секция БС-5 тип3 | W31: Общая площадь кровли, м2 | X31: ВШ , м2 | Y31: Площадь кровли за вычетом ВШ, м2 | AA31: Кровля секция БС-5 тип 3 | AB31: Сегмент № | AC31: S1 | AD31: Общий объем стяжки, м3
C32: 597.28 | D32: 31.22 | E32: =C32-D32 -> 566.06 | H32: Толщина t1, м | I32: =0.05 -> 0.05 | M32: 10.1 | N32: 0 | O32: =M32-N32 -> 10.1 | R32: Толщина t1, м | S32: =0.05 -> 0.05 | W32: 17.15 | X32: 0 | Y32: =W32-X32 -> 17.15 | AB32: Толщина t1, м | AC32: =0.05 -> 0.05
H33: Толщина t2, м | I33: =25.72-25.55 -> 0.17 | R33: Толщина t2, м | S33: =27.07-27.05 -> 0.02 | AB33: Толщина t2, м | AC33: =28.14-28.1 -> 0.04
C34: Длина примыканий, м | H34: Площадь сегмента, м2 | I34: =E32-J131*0.1 -> 554.48 | M34: Длина примыканий, м | R34: Площадь сегмента, м2 | S34: =O32 -> 10.1 | W34: Длина примыканий, м | AB34: Площадь сегмента, м2 | AC34: =Y32 -> 17.15
C35: 133.33 | D35: =94.55+0.8*16 -> 107.35 | E35: =C35+D35 -> 240.68 | H35: Объем стяжки, м3 | I35: =(I34*I32)+((I34*I33)*2/3) -> 90.57 | J35: =SUM(G35:I35) -> 90.57 | M35: 0 | N35: 0 | O35: =M35+N35 -> 0 | R35: Объем стяжки, м3 | S35: =(S34*S32)+((S34*S33)*2/3) -> 0.64 | T35: =SUM(Q35:S35) -> 0.64 | W35: 17.87 | X35: 0 | Y35: =W35+X35 -> 17.87 | AB35: Объем стяжки, м3 | AC35: =(AC34*AC32)+((AC34*AC33)*2/3) -> 1.31 | AD35: =SUM(AA35:AC35) -> 1.31
B38: Кровля секция БС-6 тип1 | C38: Общая площадь кровли, м2 | D38: ВШ , м2 | E38: Площадь кровли за вычетом ВШ, м2 | G38: Кровля секция БС-6 тип 1 | H38: Сегмент № | I38: S1 | J38: Общий объем стяжки, м3 | L38: Кровля секция БС-6 тип2 | M38: Общая площадь кровли, м2 | N38: ВШ , м2 | O38: Площадь кровли за вычетом ВШ, м2 | Q38: Кровля секция БС-6 тип 2 | R38: Сегмент № | S38: S1 | T38: Общий объем стяжки, м3 | V38: Кровля секция БС-6 тип3 | W38: Общая площадь кровли, м2 | X38: ВШ , м2 | Y38: Площадь кровли за вычетом ВШ, м2 | AA38: Кровля секция БС-6 тип 3 | AB38: Сегмент № | AC38: S1 | AD38: Общий объем стяжки, м3
C39: 416.3 | D39: 11.3 | E39: =C39-D39 -> 405 | H39: Толщина t1, м | I39: =0.05 -> 0.05 | M39: 8.3 | N39: 0 | O39: =M39-N39 -> 8.3 | R39: Толщина t1, м | S39: =0.05 -> 0.05 | W39: 17.52 | X39: 0 | Y39: =W39-X39 -> 17.52 | AB39: Толщина t1, м | AC39: =0.05 -> 0.05
H40: Толщина t2, м | I40: =25.72-25.55 -> 0.17 | R40: Толщина t2, м | S40: 0.05 | AB40: Толщина t2, м | AC40: =28.17-28.13 -> 0.04
C41: Длина примыканий, м | H41: Площадь сегмента, м2 | I41: =E39-J158*0.1 -> 396.53 | M41: Длина примыканий, м | R41: Площадь сегмента, м2 | S41: =O39 -> 8.3 | W41: Длина примыканий, м | AB41: Площадь сегмента, м2 | AC41: =Y39 -> 17.52
C42: 105.5 | D42: =50+0.8*4 -> 53.2 | E42: =C42+D42 -> 158.7 | H42: Объем стяжки, м3 | I42: =(I41*I39)+((I41*I40)*2/3) -> 64.77 | J42: =SUM(G42:I42) -> 64.77 | M42: 9.5 | N42: 0 | O42: =M42+N42 -> 9.5 | R42: Объем стяжки, м3 | S42: =(S41*S39)+((S41*S40)*2/3) -> 0.69 | T42: =SUM(Q42:S42) -> 0.69 | W42: 18.7 | X42: 0 | Y42: =W42+X42 -> 18.7 | AB42: Объем стяжки, м3 | AC42: =(AC41*AC39)+((AC41*AC40)*2/3) -> 1.34 | AD42: =SUM(AA42:AC42) -> 1.34
B45: Кровля секция БС-7 тип1 | C45: Общая площадь кровли, м2 | D45: ВШ , м2 | E45: Площадь кровли за вычетом ВШ, м2 | G45: Кровля секция БС-7 тип 1 | H45: Сегмент № | I45: S1 | J45: Общий объем стяжки, м3 | L45: Кровля секция БС-7 тип2 | M45: Общая площадь кровли, м2 | N45: ВШ , м2 | O45: Площадь кровли за вычетом ВШ, м2 | Q45: Кровля секция БС-7 тип 2 | R45: Сегмент № | S45: S1 | T45: Общий объем стяжки, м3
C46: 383.5 | D46: 10.3 | E46: =C46-D46 -> 373.2 | H46: Толщина t1, м | I46: =0.05 -> 0.05 | M46: 13 | N46: 2.5 | O46: =M46-N46 -> 10.5 | R46: Толщина t1, м | S46: =0.05 -> 0.05
H47: Толщина t2, м | I47: =25.72-25.55 -> 0.17 | R47: Толщина t2, м | S47: 0.04
C48: Длина примыканий, м | H48: Площадь сегмента, м2 | I48: =E46-K175*0.1 -> 365.41 | M48: Длина примыканий, м | R48: Площадь сегмента, м2 | S48: =O46 -> 10.5
C49: 99.14 | D49: =45.8+0.8*4 -> 49 | E49: =C49+D49 -> 148.14 | H49: Объем стяжки, м3 | I49: =(I48*I46)+((I48*I47)*2/3) -> 59.68 | J49: =SUM(G49:I49) -> 59.68 | M49: =6.3+2.4 -> 8.7 | N49: 0 | O49: =M49+N49 -> 8.7 | R49: Объем стяжки, м3 | S49: =(S48*S46)+((S48*S47)*2/3) -> 0.81 | T49: =SUM(Q49:S49) -> 0.81
C57: БС-1 | N57: Тип 1 | O57: Тип 2
C58: площадь (м2) | E58: примыкание к вент. шахтам (м.п.) | I58: примыкание к парапетам+фрагмент 1, м | N58: К1, м | O58: ОТ-8,м
B59: ВШ1 | C59: =1.13*0.72 -> 0.81 | F59: =1.13*2+0.72*2 -> 3.7 | J59: 98.16 | N59: 15.24 | O59: 14.1
B60: ВШ2 | C60: =0.72*1.24 -> 0.89 | F60: =1.24*2+0.72*2 -> 3.92
B61: ВШ3 | C61: =1.16*0.72 -> 0.84 | F61: =1.16*2+0.72*2 -> 3.76 | N61: ОТЛ Ф2,м | O61: ОТЛ Ф-3,м
B62: ВШ4 | C62: =0.72*1.05 -> 0.76 | F62: =0.72*2+1.05*2 -> 3.54 | I62: примык. к парапету основной кровли, м | N62: 58.4 | O62: 7.3
B63: ВШ5 | C63: =0.72*1.24 -> 0.89 | F63: =0.72*2+1.24*2 -> 3.92 | J63: 71.2 | N63: 7.7
B64: ВШ6 | C64: =0.72*1.16 -> 0.84 | F64: =0.72*2+1.16*2 -> 3.76 | J64: 6.6 | N64: =SUM(N62:N63) -> 66.1
B65: ВШ7 | C65: =0.72*1.16 -> 0.84 | F65: =0.72*2+1.16*2 -> 3.76 | J65: =SUM(J63:J64) -> 77.8
B66: ВШ8 | C66: =0.72*1.05 -> 0.76 | F66: =0.72*2+1.05*2 -> 3.54 | N66: ОТ-10, м
B67: ВШ9 | C67: =1.16*0.72 -> 0.84 | F67: =1.16*2+0.72*2 -> 3.76 | N67: 17.7
B68: ВШ10 | C68: =1.8*0.72 -> 1.3 | F68: =1.8*2+0.72*2 -> 5.04
B69: ВШ11 | C69: =0.72*1.05 -> 0.76 | F69: =0.72*2+1.05*2 -> 3.54
B70: ВШ12 | C70: =0.72*1.05 -> 0.76 | F70: =0.72*2+1.05*2 -> 3.54
C71: =SUM(C59:C70) -> 10.29 | F71: =SUM(F59:F70) -> 45.78
C73: БС-2
C74: площадь (м2) | E74: примыкание к вент. шахтам (м.п.) | I74: примыкание к парапетам+лифт. шахта + ВШ, м | O74: Тип1 | R74: Тип2 | U74: Тип 3
B75: ВШ 1 | C75: =0.72*1.24 -> 0.89 | F75: =0.72*2+1.24*2 -> 3.92 | J75: 105.5 | O75: Ф-2, м.п. - | P75: =13.9+12.4+30.8 -> 57.1 | R75: От-8, м.п. - | S75: 7.3 | U75: Ф-1, м.п | V75: =11.4+2.44 -> 13.84
B76: ВШ 2 | C76: =0.72*1.16 -> 0.84 | F76: =0.72*2+1.16*2 -> 3.76 | O76: К-1, м.п. - | P76: 15.24 | U76: От-3, м.п | V76: 3.3
B77: ВШ 3 | C77: =0.72*1.16 -> 0.84 | F77: =0.72*2+1.16*2 -> 3.76 | I77: примыкание к парапету основной кровли, м | O77: Ф-5, м.п - | P77: 1.05 | U77: От-4, м.п | V77: 3.2
B78: ВШ 4 | C78: =0.72*1.05 -> 0.76 | F78: =0.72*2+1.05*2 -> 3.54 | J78: 84.6 | O78: От-10, м.п - | P78: =18.8-1.05 -> 17.75 | U78: От-5, м.п | V78: 0.7
B79: ВШ 5 | C79: =0.72*1.16 -> 0.84 | F79: =0.72*2+1.16*2 -> 3.76 | U79: Ф-3, м.п | V79: 7.3
B80: ВШ 6 | C80: =0.72*1.05 -> 0.76 | F80: =0.72*2+1.05*2 -> 3.54
B81: ВШ 7 | C81: =0.72*1.16 -> 0.84 | F81: =0.72*2+1.16*2 -> 3.76
B82: ВШ 8 | C82: =0.72*1.24 -> 0.89 | F82: =0.72*2+1.24*2 -> 3.92
B83: ВШ 9 | C83: =0.72*1.16 -> 0.84 | F83: =0.72*2+1.16*2 -> 3.76
B84: ВШ 10 | C84: =0.72*1.8 -> 1.3 | F84: =0.72*2+1.8*2 -> 5.04
B85: ВШ 11 | C85: =0.72*1.05 -> 0.76 | F85: =0.72*2+1.05*2 -> 3.54
B86: ВШ 12 | C86: =0.72*1.16 -> 0.84 | F86: =0.72*2+1.16*2 -> 3.76
B87: ВШ 13 | C87: =0.72*1.24 -> 0.89 | F87: =0.72*2+1.24*2 -> 3.92
C88: =SUM(C75:C87) -> 11.29 | F88: =SUM(F75:F87) -> 49.98
C90: БС-3
C91: площадь (м2) | E91: примыкание к вент. шахтам (м.п.) | I91: примыкание к парапету основной кровли, м | O91: Тип1 | R91: Тип2 | U91: Тип 3
A92: 1 | B92: ВШ | C92: =0.72*1.16 -> 0.84 | F92: =0.72*2+1.16*2 -> 3.76 | J92: 115.75 | O92: Ф-2, м.п. - | P92: =46.7+31.9+10 -> 88.6 | R92: От-8, м.п. | S92: 13.7 | U92: Ф-1, м.п | V92: 19.7
A93: 2 | B93: ВШ | C93: =1.24*0.72 -> 0.89 | F93: =1.24*2+0.72*2 -> 3.92 | O93: К-1, м.п. - | P93: 14.15
A94: 3 | B94: ВШ | C94: =0.72*1.8 -> 1.3 | F94: =0.72*2+1.8*2 -> 5.04 | O94: Ф-5, м.п - | P94: 1.05
A95: 4 | B95: ВШ | C95: =0.72*1.16 -> 0.84 | F95: =0.72*2+1.16*2 -> 3.76 | O95: От-7, м.п - | P95: 1.5
A96: 5 | B96: ВШ | C96: =0.72*1.05 -> 0.76 | F96: =0.72*2+1.05*2 -> 3.54 | O96: От-10, м.п - | P96: =16.7-1.05 -> 15.7
A97: 6 | B97: ВШ | C97: =1.05*0.72 -> 0.76 | F97: =1.05*2+0.72*2 -> 3.54
A98: 7 | B98: ВШ | C98: =1.16*0.72 -> 0.84 | F98: =0.72*2+1.16*2 -> 3.76
A99: 8 | B99: ВШ | C99: =0.72*1.16 -> 0.84 | F99: =0.72*2+1.16*2 -> 3.76
A100: 9 | B100: ВШ | C100: =0.72*1.05 -> 0.76 | F100: =0.72*2+1.05*2 -> 3.54
A101: 10 | B101: ВШ | C101: =0.72*1.24 -> 0.89 | F101: =0.72*2+1.24*2 -> 3.92
A102: 11 | B102: ВШ | C102: =1.16*0.72 -> 0.84 | F102: =1.16*2+0.72*2 -> 3.76
A103: 12 | B103: ВШ | C103: 4 | F103: 9.68
A104: 13 | B104: ВШ | C104: =1.05*0.72 -> 0.76 | F104: =0.72*2+1.05*2 -> 3.54
A105: 14 | B105: ВШ | C105: =1.8*0.72 -> 1.3 | F105: =1.8*2+0.72*2 -> 5.04
A106: 15 | B106: ВШ | C106: 1.65 | F106: 5.28
A107: 16 | B107: ВШ | C107: 2.48 | F107: 7.57
A108: 17 | B108: ВШ | C108: =0.72*1.8 -> 1.3 | F108: =1.8*2+0.72*2 -> 5.04
A109: 18 | B109: ВШ | C109: =0.72*1.16 -> 0.84 | F109: =0.72*2+1.16*2 -> 3.76
A110: 19 | B110: ВШ | C110: =0.72*1.24 -> 0.89 | F110: =0.72*2+1.24*2 -> 3.92
A111: 20 | B111: ВШ | C111: 10.1 | F111: 13.7
C112: =SUM(C92:C111) -> 32.88 | F112: =SUM(F92:F111) -> 99.83
C115: БС-4
C116: площадь (м2) | E116: примыкание к вент. шахтам (м.п.) | I116: примыкание к парапету основной кровли, м | O116: Тип1 | Q116: Тип 2
A117: 1 | B117: ВШ | C117: =0.72*1.24 -> 0.89 | F117: =0.72*2+1.24*2 -> 3.92 | J117: 72.12 | O117: Ф-2, м.п. - | P117: =10.84+8.1+26.5 -> 45.44 | Q117: Ф-3, м.п. | R117: 5.3
A118: 2 | B118: ВШ | C118: =0.72*1.05 -> 0.76 | F118: =0.72*2+1.05*2 -> 3.54 | O118: К-1, м.п. - | P118: 14.15 | Q118: От-8, м.п. | R118: 8.2
A119: 3 | B119: ВШ | C119: =0.72*1.16 -> 0.84 | F119: =0.72*2+1.16*2 -> 3.76 | O119: От-10, м.п. - | P119: 9.7
A120: 4 | B120: ВШ | C120: =1.16*0.72 -> 0.84 | F120: =1.16*2+0.72*2 -> 3.76
A121: 5 | B121: ВШ | C121: 1.29 | F121: 4.76
A122: 6 | B122: ВШ | C122: =0.72*1.16 -> 0.84 | F122: =0.72*2+1.16*2 -> 3.76
A123: 7 | B123: ВШ | C123: =0.72*1.16 -> 0.84 | F123: =0.72*2+1.16*2 -> 3.76
A124: 8 | B124: ВШ | C124: =0.72*1.24 -> 0.89 | F124: =0.72*2+1.24*2 -> 3.92
A125: 9 | B125: ВШ | C125: 1.8 | F125: 5.96
...
